 Dungeon Crawl Stone Soup version 0.23-a0-109-g5e4b187 (webtiles) character file.

3290 emperorscorpion the Cruncher (level 10, -6/76 HPs)
             Began as a Formicid Fighter on Aug 22, 2018.
             Was a Believer of Elyvilon.
             Mangled by a hellwing (9 damage)
             ... on level 7 of the Dungeon.
             The game lasted 00:11:50 (7623 turns).

emperorscorpion the Cruncher (Formicid Fighter)     Turns: 7623, Time: 00:11:51

Health: -6/76      AC: 12    Str: 24    XL:     10   Next: 20%
Magic:  11/13      EV:  9    Int:  8    God:    Elyvilon [**....]
Gold:   421        SH: 11    Dex: 12    Spells: 9/9 levels left

rFire    . . .     SeeInvis +   a - +0 quarterstaff
rCold    . . .     Gourm    .   c - +0 shield
rNeg     . . .     Faith    .   v - +0 chain mail
rPois    .         Spirit   .   (helmet unavailable)
rElec    .         Reflect  .   (no cloak)
rCorr    .         Harm     .   (no gloves)
MR       +++..                  (no boots)
Stlth    ..........             (no amulet)
HPRegen  0.22/turn              x - ring of stealth
MPRegen  0.13/turn              w - ring of protection from magic

@: no status effects
A: permanent stasis, dig shafts and tunnels, four strong arms, antennae 3,
talons 1, yellow scales 1, agile 1, magic resistance 1
a: Dig, Shaft Self, Lesser Healing, Heal Other, Divine Protection, Renounce
Religion


You were on level 7 of the Dungeon.
You worshipped Elyvilon.
Elyvilon was pleased with you.
You were very hungry.

You visited 2 branches of the dungeon, and saw 9 of its levels.

You collected 421 gold pieces.

Inventory:

Hand Weapons
 a - a +0 quarterstaff (weapon)
 D - a +0 shortbow
Missiles
 b - 27 arrows
 A - a throwing net (quivered)
Armour
 c - a +0 shield (worn)
 i - the +3 robe of Watchfulness {rF+ rN+, unknown}
   (You found it on level 4 of the Dungeon)

   It protects you from fire.
   It protects you from negative energy.
 v - a +0 chain mail (worn)
 E - a +0 scale mail
Jewellery
 o - an uncursed ring of wizardry
 w - a ring of protection from magic (right hand)
 x - a ring of stealth (left hand)
Wands
 k - a wand of flame (14)
 B - a wand of digging (9)
Scrolls
 e - 2 scrolls of immolation {unknown}
 g - 5 scrolls of teleportation {unknown}
 h - 2 scrolls of magic mapping {unknown}
 j - 2 scrolls of amnesia {unknown}
 m - a scroll of blinking {unknown}
 p - 2 scrolls of enchant weapon {unknown}
 r - a scroll of fear {unknown}
 u - 3 scrolls of identify {unknown}
 y - a scroll of remove curse {unknown}
Potions
 d - a potion of might
 l - a potion of mutation
 n - 2 potions of invisibility {unknown}
 q - a potion of cancellation {unknown}
 s - 3 potions of curing {unknown}
 t - a potion of brilliance {unknown}
 z - 2 potions of heal wounds
 C - a potion of lignification {unknown}
Comestibles
 f - 11 rations


   Skills:
 + Level 6.2 Fighting
 + Level 8.6 Staves
 + Level 7.0 Armour
 + Level 2.2 Dodging
 - Level 1.2 Stealth
 + Level 8.1 Shields
 * Level 4.7 Invocations
 + Level 0.1 Evocations


You had 9 spell levels left.
You didn't know any spells.
Your spell library contained the following spells:

 Spells                   Type           Power        Failure   Level  Hunger
 Confusing Touch          Hex            #.....       97%         1    ##.....
 Corona                   Hex            #......      97%         1    ##.....
 Ensorcelled Hibernation  Hex/Ice        #.....       99%         2    ###....
 Confuse                  Hex            #.......     100%        3    ####...
 Dazzling Spray           Conj/Hex       #.....       100%        3    ####...
 Gell's Gravitas          Tloc           #.........   100%        3    ####...
 Tukima's Dance           Hex            #.......     100%        3    ####...
 Petrify                  Tmut/Erth      #.......     100%        4    #####..
 Metabolic Englaciation   Hex/Ice        #.........   100%        5    ######.
 Yara's Violent Unravell  Hex/Tmut       #.........   100%        5    ######.


Dungeon Overview and Level Annotations

Branches:
Dungeon (8/15)             Temple (1/1) D:6
   Lair: D:8-11

Altars:
Ashenzari
Cheibriados
Dithmenos
Elyvilon
Fedhas
Gozag
Hepliaklqana
Kikubaaqudgha
Makhleb
Nemelex Xobeh
Okawaru
Ru
Sif Muna
Trog
Uskayaw
Wu Jian
Xom
Yredelemnul

Shops:
D:4 (

Annotations:
D:8 Harold


Innate Abilities, Weirdness & Mutations

You cannot be hasted, slowed, berserked, paralysed or teleported.
You can dig through walls and to a lower floor.
Your four strong arms can wield two-handed weapons with a shield.
You have a pair of large antennae on your head. (SInv)
You have sharp toenails.
You are partially covered in yellow scales. (AC +2)
You are agile. (Dex +2)
You are resistant to hostile enchantments. (MR+)


Message History

You are healed.
You are feeling very hungry.
The hellwing misses you. You block the hellwing's attack.
You are healed.
You feel somewhat more hungry. The hellwing barely misses you.
The hellwing hits you but does no damage.
You completely miss the hellwing. You claw the hellwing!
The hellwing is almost dead.
The hellwing hits you but does no damage.
The hellwing hits you!
* * * LOW HITPOINT WARNING * * *
You hit the hellwing but do no damage. You claw the hellwing.
The hellwing is almost dead.
The hellwing hits you!
* * * LOW HITPOINT WARNING * * *
You block the hellwing's attack.
You closely miss the hellwing.
You claw the hellwing, but do no damage.
The hellwing is almost dead.
The hellwing hits you!
You die...

#......[.............
#...............#....
###.....##...####...#
##.<..........##....
#...................
#...........#+##....
#...................
#..4....###.........
#..@................
#.........#.........
#.........#.........
#.........#.........
###......##.#.......
####.......#......
#####.#.....#......
#.....#.....#......
#..................


You could see a hellwing.

Vanquished Creatures
  A hydra (D:7)
  A centaur skeleton (D:8)
  A redback zombie (D:8)
  An orc warrior (D:7)
  2 ice beasts (D:7)
  2 sky beasts (D:5)
  2 black bears (D:6)
  A phantom (D:5)
  A centaur (D:7)
  A bullfrog (D:7)
  A water moccasin skeleton (D:5)
  A scorpion (D:4)
  4 killer bees (D:7)
  2 electric eels (D:7)
  A jelly (D:5)
  A howler monkey (D:5)
  A crimson imp (D:5)
  2 hounds
  3 orc priests
  9 orc wizards
  7 worker ants
  A hound skeleton (D:6)
  8 adders
  4 shadow imps
  2 oozes
  An adder skeleton (D:6)
  4 worms
  2 dart slugs
  7 leopard geckos
  21 orcs
  A bat (D:3)
  4 giant cockroaches
  8 goblins
  7 hobgoblins
  4 jackals (D:1)
  A quokka (D:2)
  5 ball pythons
  2 frilled lizards
  4 kobolds
  A leopard gecko zombie (D:5)
  7 rats
139 creatures vanquished.

Notes
Turn   | Place    | Note
-------+----------+-------------------------------------------
     0 | D:1      | emperorscorpion the Formicid Fighter began the quest for the Orb.
     0 | D:1      | Reached XP level 1. HP: 18/18 MP: 1/1
   175 | D:1      | Reached XP level 2. HP: 24/24 MP: 2/2
   479 | D:1      | Reached XP level 3. HP: 29/29 MP: 3/3
  1002 | D:2      | You fall through a shaft for 2 floors!
  1036 | D:4      | Reached XP level 4. HP: 31/37 MP: 4/4
  1098 | D:4      | Reached XP level 5. HP: 35/42 MP: 5/5
  1160 | D:4      | Got a steaming robe
  1432 | D:2      | Found a sacrificial altar of Ru.
  2278 | D:3      | Reached XP level 6. HP: 36/48 MP: 6/6
  2725 | D:3      | Found a sparkling altar of Nemelex Xobeh.
  2734 | D:3      | Reached skill level 5 in Shields
  3037 | D:4      | Found Rayzil's Weapon Shoppe.
  3164 | D:4      | Reached skill level 1 in Stealth
  3319 | D:4      | Reached skill level 1 in Dodging
  3440 | D:5      | Entered Level 5 of the Dungeon
  3454 | D:5      | Noticed a phantom
  3488 | D:5      | Killed a phantom
  3488 | D:5      | Reached XP level 7. HP: 46/54 MP: 7/7
  3866 | D:5      | Reached skill level 5 in Armour
  3874 | D:5      | Reached skill level 5 in Staves
  4096 | D:5      | Reached XP level 8. HP: 61/61 MP: 8/8
  4197 | D:5      | Found an iron altar of Okawaru.
  4197 | D:5      | Found a blossoming altar of Fedhas.
  4599 | D:5      | Found a burning altar of Makhleb.
  4860 | D:6      | Found a white marble altar of Elyvilon.
  4907 | D:6      | Became a worshipper of Elyvilon the Healer
  4956 | D:6      | Reached skill level 5 in Fighting
  5054 | D:6      | Found a staircase to the Ecumenical Temple.
  5081 | Temple   | Entered the Ecumenical Temple
  5341 | D:6      | Found a shadowy altar of Dithmenos.
  5592 | D:6      | Found a snail-covered altar of Cheibriados.
  5653 | D:6      | Reached * piety under Elyvilon
  5895 | D:7      | Reached skill level 1 in Invocations
  6017 | D:7      | Found a transporter.
  6029 | D:7      | Noticed a four-headed hydra
  6031 | D:7      | Gained mutation: You are partially covered in yellow scales. (AC +2) [potion of mutation]
  6031 | D:7      | Gained mutation: You are agile. (Dex +2) [potion of mutation]
  6031 | D:7      | Gained mutation: You have sharp toenails. [potion of mutation]
  6031 | D:7      | Gained mutation: You are resistant to hostile enchantments. (MR+) [potion of mutation]
  6038 | D:7      | Killed a four-headed hydra
  6038 | D:7      | Reached XP level 9. HP: 22/69 MP: 8/11
  6285 | D:7      | Found a transporter.
  6444 | D:7      | Reached ** piety under Elyvilon
  6892 | D:7      | Noticed a dagger
  6892 | D:7      | Noticed a dagger
  6896 | D:7      | Found a hide-covered altar of Uskayaw.
  7229 | D:7      | Reached XP level 10. HP: 61/76 MP: 13/13
  7450 | D:8      | Noticed Harold
  7622 | D:7      | HP: 3/76 [hellwing (9)]
  7623 | D:7      | Mangled by a hellwing

Vault maps used:
D:1:      scummos_arrival_hexagon, nrook_mini_vaults
D:2:      overflow_temple_1_default, first_ration
D:3:      lemuel_doored_altar, minivault_23, minmay_misc_feat_hallway
D:4:      serial_shops, shop
D:5:      lightli_temple_of_fire, chequers_temple_overflow_statue_of_worship
D:6:      nicolae_dithmenos_shadow_blocks, overflow_temple_1_default,
          minmay_temple_entry_glassed_door, basic_altar
D:7:      gammafunk_steamed_eel, dancing_weapons_uskayaw
D:8:      cheibrodos_grave_circle, nicolae_overflow_quartered_altars,
          tso_oasis_becter, hangedman_pestilent_swarm,
          nemelex_spade_bored_becter, uniq_harold
Temple:   kb_temple_of_zot

Skill      XL: |  1  2  3  4  5  6  7  8  9 10 |
---------------+-------------------------------+-----
Shields        | 4 5 7 8 |  8.1
Staves         | 3 4 5 7 8 |  8.6
Fighting       | 4 5 6 |  6.2
Armour         | 4 5 6 7 |  7.0
Stealth        | 1 |  1.2
Dodging        | 1 2 |  2.2
Invocations    | 3 4 |  4.7
Evocations     | |  0.1

Action                   |  1- 3 |  4- 6 |  7- 9 | 10-12 || total
-------------------------+-------+-------+-------+-------++-------
Melee: Quarterstaff      |   106 |   168 |   291 |    47 ||   612
       Kick              |       |       |    21 |    21 ||    42
Invok: Lesser Healing    |       |       |       |     2 ||     2
 Abil: Dig               |     1 |       |     3 |     2 ||     6
Evoke: Wand              |       |       |     1 |     1 ||     2
  Use: Potion            |     3 |       |     3 |       ||     6
       Scroll            |       |     1 |       |       ||     1
  Eat: Chunk             |       |     9 |    12 |     1 ||    22
Armor: Scale mail        |    48 |    47 |       |       ||    95
       Chain mail        |       |     7 |   110 |    47 ||   164
Dodge: Dodged            |    21 |    42 |    83 |    31 ||   177
Block: Shield            |    44 |    85 |   142 |    42 ||   313

Table legend:
 A = Non-vault XP
 B = Vault XP
 C = Vault XP percentage of total XP
 D = Non-vault monster count
 E = Vault monster count
 F = Vault count percentage of total count
                 A         B        C        D         E       F
            +---------+---------+-------+---------+---------+-------
      Total |    3865 |     835 |  17.8 |     133 |       6 |   4.3
            +---------+---------+-------+---------+---------+-------
        D:1 |      41 |       0 |   0.0 |      23 |       0 |   0.0
        D:2 |      40 |       0 |   0.0 |      12 |       0 |   0.0
        D:3 |     114 |       0 |   0.0 |      23 |       0 |   0.0
        D:4 |     322 |       0 |   0.0 |      14 |       0 |   0.0
        D:5 |     862 |       0 |   0.0 |      26 |       0 |   0.0
        D:6 |     480 |       0 |   0.0 |      17 |       0 |   0.0
        D:7 |    2006 |     119 |   5.6 |      18 |       3 |  14.3
        D:8 |       0 |     716 | 100.0 |       0 |       3 | 100.0
            +---------+---------+-------+---------+---------+-------
